 Dungeon Crawl Stone Soup version 0.24-a0-201-gf205589 (webtiles) character file.

Game seed: 2261049089863773720

588 Borgoz the Cutter (level 7, 0/45 HPs)
             Began as a Halfling Gladiator on Mar 24, 2019.
             Succumbed to a worker ant's poison
             ... on level 5 of the Dungeon.
             The game lasted 00:06:51 (3950 turns).

Borgoz the Cutter (Halfling Gladiator)              Turns: 3950, Time: 00:06:52

Health: 0/45       AC:  9    Str: 15    XL:     7   Next: 65%
Magic:  9/9        EV: 16    Int:  8    God:
Gold:   97         SH:  0    Dex: 16    Spells: 9/9 levels left

rFire    . . .     SeeInvis .   a - +0 rapier
rCold    . . .     Gourm    .   (shield restricted)
rNeg     . . .     Faith    .   h - +0 ring mail
rPois    .         Spirit   .   c - +0 helmet
rElec    .         Reflect  .   o - +0 cloak
rCorr    .         Harm     .   m - +0 pair of gloves
MR       .....                  (no boots)
Stlth    ++........             (no amulet)
HPRegen  0.15/turn              (no ring)
MPRegen  0.11/turn              (no ring)

@: lethally poisoned (0 -> -1)
A: small, mutation resistance 1
a: no special abilities


You were on level 5 of the Dungeon.
You were not hungry.

You visited 1 branch of the dungeon, and saw 5 of its levels.

You collected 97 gold pieces.

Inventory:

Hand Weapons
 a - a +0 rapier (weapon)
 k - a +2 quarterstaff of chaos
Missiles
 d - a throwing net (quivered)
 e - 5 tomahawks
Armour
 c - a +0 helmet (worn)
 h - a +0 ring mail (worn)
 m - a +0 pair of gloves (worn)
 o - a +0 cloak (worn)
Jewellery
 l - an uncursed amulet of magic regeneration
Scrolls
 b - 2 scrolls of identify
 i - 2 scrolls of remove curse
 n - a scroll of fear
Potions
 g - a potion of mutation
Comestibles
 f - 5 rations
 j - 2 chunks of flesh


   Skills:
 + Level 2.7 Fighting
 * Level 5.4 Short Blades
 + Level 3.0 Throwing
 * Level 3.4 Armour
 * Level 5.0 Dodging
 + Level 2.4 Stealth
 + Level 1.6 Spellcasting


You had 9 spell levels left.
You didn't know any spells.
Your spell library was empty.

Dungeon Overview and Level Annotations

Branches:
Dungeon (5/15)             Temple (0/1) D:5

Altars:
Wu Jian


Innate Abilities, Weirdness & Mutations

You are small and have problems with some larger weapons.
You are somewhat resistant to further mutation.


Message History

* * * LOW HITPOINT WARNING * * *
You feel sick.
* * * LOW HITPOINT WARNING * * *
You feel sick.
The crimson imp blinks!
* * * LOW HITPOINT WARNING * * *
You feel sick.
You see here a throwing net.
d - a throwing net
* * * LOW HITPOINT WARNING * * *
You feel sick.
* * * LOW HITPOINT WARNING * * *
You feel sick.
* * * LOW HITPOINT WARNING * * *
You feel sick.
* * * LOW HITPOINT WARNING * * *
You feel sick.
* * * LOW HITPOINT WARNING * * *
You feel sick.
You die...

#..)##....#..##
#...5..>......
##..#....##..###
##.#....#..#...#
#..#..#.#....#
#...##...#..#
#...........#
##..##.##.#.#
##@##....#.#
####.#####...#
#....#####.#.#
#.#####....###
#.#####.####
#..........#
#######....#
######


There were no monsters in sight!

Vanquished Creatures
  A centaur (D:5)
  A bullfrog (D:4)
  A scorpion (D:4)
  A hound (D:4)
  Crazy Yiuf (D:4)
  Jessica (D:2)
  3 orc wizards
  2 worker ants
  3 gnolls
  6 adders
  An ooze (D:3)
  3 worms
  2 dart slugs
  2 leopard geckos (D:4)
  15 orcs
  8 bats
  A giant cockroach (D:1)
  6 goblins
  8 hobgoblins
  2 jackals (D:1)
  8 kobolds
  2 quokkas
  A ball python (D:1)
  A ball python skeleton (D:2)
  6 frilled lizards
  8 rats
94 creatures vanquished.

Notes
Turn   | Place    | Note
-------+----------+-------------------------------------------
     0 | D:1      | Borgoz the Halfling Gladiator began the quest for the Orb.
     0 | D:1      | Reached XP level 1. HP: 14/14 MP: 1/1
   191 | D:1      | Reached XP level 2. HP: 14/19 MP: 2/2
   414 | D:1      | Reached XP level 3. HP: 23/24 MP: 3/3
   433 | D:1      | Reached skill level 1 in Armour
   977 | D:2      | Noticed Jessica
   990 | D:2      | Killed Jessica
   990 | D:2      | Reached skill level 1 in Stealth
   990 | D:2      | Reached XP level 4. HP: 15/29 MP: 4/4
  1474 | D:2      | Reached XP level 5. HP: 18/34 MP: 4/6
  2188 | D:3      | Reached skill level 1 in Spellcasting
  2345 | D:3      | Reached XP level 6. HP: 34/39 MP: 7/7
  2745 | D:4      | Reached skill level 5 in Short Blades
  2995 | D:4      | Reached XP level 7. HP: 19/45 MP: 9/9
  3020 | D:4      | HP: 2/45 [worm (6)]
  3228 | D:4      | Found an ornate altar of the Wu Jian Council.
  3302 | D:4      | Found a runed translucent door.
  3303 | D:4      | Noticed Crazy Yiuf
  3821 | D:4      | Killed Crazy Yiuf
  3887 | D:5      | Entered Level 5 of the Dungeon
  3887 | D:5      | Found a staircase to the Ecumenical Temple.
  3909 | D:5      | Reached skill level 5 in Dodging
  3934 | D:5      | HP: 2/45 [poisoned by a worker ant]
  3942 | D:5      | HP: 1/45 [poisoned by a worker ant]
  3950 | D:5      | Succumbed to a worker ant's poison

Levels and vault maps discovered:
D:1:      lightli_arrival_quake, layout_basic
D:2:      layout_loops_ring, uniq_jessica
D:3:      layout_basic, first_ration
D:4:      layout_basic, nicolae_overflow_hidden_temple,
          hangedman_feature_mirror, minmay_misc_feat_nine_boxes,
          uniq_crazy_yiuf_cottage
D:5:      minmay_polygon_palace, layout_basic, minmay_temple_entry_mini_moons,
          uniq_pikel

Skill      XL: |  1  2  3  4  5  6  7 |
---------------+----------------------+-----
Armour         | 1 2 3 |  3.4
Fighting       | 2 |  2.7
Short Blades   | 4 5 |  5.4
Stealth        | 1 2 |  2.4
Dodging        | 4 5 |  5.0
Spellcasting   | 1 |  1.6
Throwing       | 3 |  3.0

Action                   |  1- 3 |  4- 6 |  7- 9 || total
-------------------------+-------+-------+-------++-------
Melee: Rapier            |    77 |   262 |    99 ||   438
Throw: Throwing net      |     2 |     4 |     2 ||     8
  Use: Scroll            |     2 |     3 |     1 ||     6
       Potion            |       |     2 |     1 ||     3
 Stab: Held in net/web   |       |     2 |       ||     2
       Sleeping          |       |     1 |       ||     1
  Eat: Chunk             |       |     7 |     3 ||    10
Armor: Leather armour    |     4 |       |       ||     4
       Ring mail         |    17 |    86 |    31 ||   134
Dodge: Dodged            |    74 |   221 |   119 ||   414

Table legend:
 A = Non-vault XP
 B = Vault XP
 C = Vault XP percentage of total XP
 D = Non-vault monster count
 E = Vault monster count
 F = Vault count percentage of total count
                 A         B        C        D         E       F
            +---------+---------+-------+---------+---------+-------
      Total |     698 |     142 |  16.9 |      91 |       3 |   3.2
            +---------+---------+-------+---------+---------+-------
        D:1 |      35 |       0 |   0.0 |      21 |       0 |   0.0
        D:2 |      91 |      37 |  28.9 |      25 |       1 |   3.8
        D:3 |     168 |       0 |   0.0 |      26 |       0 |   0.0
        D:4 |     257 |     105 |  29.0 |      17 |       2 |  10.5
        D:5 |     147 |       0 |   0.0 |       2 |       0 |   0.0
            +---------+---------+-------+---------+---------+-------
